 Dungeon Crawl Stone Soup version 0.21-a0-361-g4efd3f9 (webtiles) character file.

267 Dfrag the Firebug (level 6, 20/41 HPs)
             Began as a Demonspawn Fire Elementalist on Oct 13, 2017.
             Quit the game on level 4 of the Dungeon.
             The game lasted 00:03:04 (2957 turns).

Dfrag the Firebug (Demonspawn Fire Elementalist)    Turns: 2957, Time: 00:03:04

Health: 20/41      AC:  7    Str:  8    XL:     6   Next: 0%
Magic:  1/11       EV: 12    Int: 18    God:
Gold:   113        SH:  0    Dex: 14    Spells: 4/12 levels left

rFire    . . .     SeeInvis .   d - +0 spear
rCold    . . .     Gourm    .   (no shield)
rNeg     . . .     Faith    .   a - +0 robe
rPois    .         Spirit   .   (no helmet)
rElec    +         Reflect  .   k - +0 cloak
rCorr    .         Harm     .   (no gloves)
MR       .....                  (no boots)
Stlth    +.........             (no amulet)
HPRegen  0.13/turn              y - ring of loudness (curse)
MPRegen  0.12/turn              (no ring)

@: very slightly contaminated, drained
A: thin metallic scales 3, powered by pain 1
a: no special abilities


You were on level 4 of the Dungeon.
You were not hungry.

You visited 1 branch of the dungeon, and saw 4 of its levels.

You collected 113 gold pieces.

Inventory:

Hand Weapons
 d - a +0 spear (weapon)
Armour
 a - a +0 robe (worn)
 k - a +0 cloak (worn)
Jewellery
 y - a cursed ring of loudness (left hand)
Scrolls
 e - 5 scrolls of identify {unknown}
 i - 2 scrolls of remove curse {unknown}
 o - a scroll of teleportation {unknown}
 s - a scroll of recharging {unknown}
 u - a scroll of random uselessness {unknown}
 v - a scroll of immolation {unknown}
 x - a scroll of magic mapping {unknown}
Potions
 h - 3 potions of heal wounds {unknown}
 j - a potion of brilliance {unknown}
 l - a potion of degeneration {unknown}
 n - 3 potions of invisibility {unknown}
 p - a potion of might {unknown}
 q - 3 potions of lignification {unknown}
 r - 2 potions of curing {unknown}
 t - a potion of cancellation {unknown}
Books
 b - a book of Flames

   Spells                             Type                      Level
   a - Flame Tongue                   Conjuration/Fire             1
   b - Throw Flame                    Conjuration/Fire             2
   c - Conjure Flame                  Conjuration/Fire             3
   d - Inner Flame                    Hexes/Fire                   3
   e - Sticky Flame                   Conjuration/Fire             4
   f - Fireball                       Conjuration/Fire             5
Comestibles
 c - 2 bread rations
 f - 2 meat rations
 g - 4 royal jellies
 m - a fruit
 w - 2 chunks of flesh


   Skills:
 - Level 1.7(1.1) Dodging
 - Level 1.7(1.1) Stealth
 + Level 3.6(3.0) Spellcasting
 + Level 3.5(2.8) Conjurations
 + Level 4.1(3.5) Fire Magic


You had 4 spell levels left.
You knew the following spells:

 Your Spells              Type           Power        Failure   Level  Hunger
a - Flame Tongue          Conj/Fire      ##...        4%          1    None
b - Conjure Flame         Conj/Fire      ##......     13%         3    ###....
c - Sticky Flame          Conj/Fire      ##......     41%         4    ####...


Dungeon Overview and Level Annotations

Branches:
Dungeon (4/15)
 Temple: D:4-7

Altars:
Kikubaaqudgha
Trog
Uskayaw
Wu Jian
Yredelemnul


Innate Abilities, Weirdness & Mutations

You are completely covered in thin metallic scales. (AC +4, rElec)
You sometimes gain a little power by taking damage.


Message History

Robin hits you with a short sword of draining.
You feel drained.
Some of the chunks of flesh in your inventory have rotted away.
Casting: Flame Tongue
Confirm with . or Enter, or press ? or * to list all spells.
Aiming: Flame Tongue
Press: ? - help, Shift-Dir - straight line, f/p - Robin
Aim: Robin, wielding a short sword of draining, wearing an animal skin and wearing a helmet (almost dead)
The flame tongue hits Robin.
You kill Robin!
You have reached level 6!
Your experience leads to an increase in your attributes!
Increase (S)trength, (I)ntelligence, or (D)exterity?
You feel clever.
Your demonic ancestry asserts itself...
You feel energised by your suffering. The goblin hits you.
Items here: )))) [[ ††† You barely miss the goblin.
The goblin hits you. The goblin misses you.
You are too injured to fight recklessly!
Are you sure you want to abandon this character and quit the game? (Confirm with "yes".)

#
#.......##.#..#.###..#
#.# #
#........#.#..#.# #..#
#.# .
#........#.#..#.###..#
#.# #.
#..........#..#<.....#
#.# #..
#.#####.#.....#####.##
#.# # .
....................#
.# #####.#..#)########
#.#..#g# #.#..#@#
#.#..#.########.##
#........ggg......
.....>.....gg......
#######....g.......
###########.# #


You could see a goblin.

Vanquished Creatures
  A howler monkey (D:4)
  2 hounds
  A bullfrog skeleton (D:4)
  A worker ant (D:4)
  Robin (D:4)
  An adder (D:2)
  An ooze (D:1)
  4 worms
  A leopard gecko (D:3)
  An orc (D:3)
  2 bat zombies (D:2)
  2 giant cockroaches
  17 goblins
  7 hobgoblins
  8 jackals
  6 kobolds
  A quokka (D:2)
  A ball python (D:1)
  7 bats
  5 frilled lizards
  6 rats
  A rat zombie (D:2)
77 creatures vanquished.

Notes
Turn   | Place    | Note
-------+----------+-------------------------------------------
     0 | D:1      | Dfrag the Demonspawn Fire Elementalist began the quest for the Orb.
     0 | D:1      | Reached XP level 1. HP: 13/13 MP: 3/3
   125 | D:1      | Gained mutation: You are partially covered in thin metallic scales. (AC +2) [demonic ancestry]
   125 | D:1      | Reached XP level 2. HP: 19/19 MP: 5/5
   309 | D:1      | Reached skill level 3 in Fire Magic
   852 | D:2      | Gained mutation: You are mostly covered in thin metallic scales. (AC +3) [demonic ancestry]
   852 | D:2      | Reached XP level 3. HP: 11/24 MP: 0/6
  1367 | D:2      | Found an ancient bone altar of Kikubaaqudgha.
  1737 | D:3      | Found a bloodstained altar of Trog.
  1790 | D:3      | Reached XP level 4. HP: 30/30 MP: 6/8
  2283 | D:3      | Found a basalt altar of Yredelemnul.
  2323 | D:3      | Found an ornate altar of the Wu Jian Council.
  2399 | D:3      | Learned a level 3 spell: Conjure Flame
  2404 | D:3      | Learned a level 4 spell: Sticky Flame
  2595 | D:4      | Found a hide-covered altar of Uskayaw.
  2600 | D:4      | Gained mutation: You are completely covered in thin metallic scales. (AC +4, rElec) [demonic ancestry]
  2600 | D:4      | Reached XP level 5. HP: 27/35 MP: 6/9
  2735 | D:4      | Reached skill level 4 in Fire Magic
  2919 | D:4      | Noticed Robin
  2954 | D:4      | Killed Robin
  2954 | D:4      | Gained mutation: You sometimes gain a little power by taking damage. [demonic ancestry]
  2954 | D:4      | Reached XP level 6. HP: 28/41 MP: 1/11
  2957 | D:4      | Quit the game

Vault maps used:
D:1:      co_arrival_square_in_a_square_in_a_square, corexii_leaking_fountain,
          minmay_pentomino_t2
D:2:      kb_forest_paths, lemuel_zombie_altar_kikubaaqudgha, first_bread,
          hangedman_decor_opposing
D:3:      cheibrodos_old_hovel, old_standard_altar, yredelemnul_altar_generic,
          minivault_26, bloody_trog
D:4:      nicolae_overflow_crystal_walls, uniq_robin

Skill      XL: |  1  2  3  4  5 |
---------------+----------------+-----
Fire Magic     | 3 4 |  4.1
Conjurations   | 2 3 |  3.5
Spellcasting   | 3 |  3.6
Dodging        | |  1.7
Stealth        | |  1.7

Action                   |  1- 3 |  4- 6 || total
-------------------------+-------+-------++-------
Melee: Spear             |   139 |    77 ||   216
 Cast: Flame Tongue      |    38 |    42 ||    80
       Sticky Flame      |       |     1 ||     1
 Stab: Sleeping          |    12 |     1 ||    13
  Eat: Chunk             |     3 |     4 ||     7
Armor: Robe              |    55 |    49 ||   104
Dodge: Dodged            |    97 |    68 ||   165

Table legend:
 A = Spawn XP
 B = Non-spawn XP
 C = Spawn XP percentage of total XP
 D = Spawn monster count
 E = Non-spawn monster count
 F = Spawn count percentage of total count
 G = Total turns spent on level
                    A         B        C        D         E        F      G
               +---------+---------+-------+---------+---------+-------+---------
         Total |       0 |     382 |   0.0 |       0 |      77 |   0.0 |  2957
               +---------+---------+-------+---------+---------+-------+---------
           D:1 |       0 |      33 |   0.0 |       0 |      18 |   0.0 |   762
           D:2 |       0 |      50 |   0.0 |       0 |      19 |   0.0 |   920
           D:3 |       0 |      87 |   0.0 |       0 |      23 |   0.0 |   876
           D:4 |       0 |     212 |   0.0 |       0 |      17 |   0.0 |   399
               +---------+---------+-------+---------+---------+-------+---------
